 Dungeon Crawl Stone Soup version 0.28-a0-1147-gc7b72d3202 (webtiles) character file.

Game seed: 7889228497873653964

150 ChaosChampion the Insei (level 5, -1/33 HPs)
             Began as an Octopode Transmuter on Dec 13, 2021.
             Slain by a black bear (3 damage)
             ... on level 3 of the Dungeon.
             The game lasted 00:02:45 (1613 turns).

ChaosChampion the Insei (Octopode Transmuter)       Turns: 1613, Time: 00:02:46

Health: -1/33      AC:  2    Str: 10    XL:     5   Next: 32%
Magic:  2/8        EV: 19    Int: 17    God:
Gold:   105        SH:  0    Dex: 17    Spells: 2/8 levels left

rFire   . . .      SeeInvis .     - Unarmed
rCold   + . .      Faith    .   (shield currently unavailable)
rNeg    . . .      Spirit   .   (helmet currently unavailable)
rPois   x          Reflect  .   (no amulet)
rElec   .          Harm     .   b - ring of protection from cold
rCorr   .          Rampage  .   (no ring)
Will    .....                   (no ring)
Stlth   ++........              (no ring)
HPRegen 0.11/turn               (no ring)
MPRegen 0.11/turn               (no ring)
                                (no ring)
                                (no ring)

@: spider-form (expiring)
A: venomous fangs, almost no armour, (amphibious), 8 rings, tiny, (camouflage
1), (gelatinous body 1), (nimble swimmer 1), (tentacles)
a: End Transformation


You were on level 3 of the Dungeon.
You were a venomous arachnid creature.
You visited 1 branch of the dungeon, and saw 3 of its levels.

You collected 105 gold pieces.

Inventory:

Missiles
 c - 8 poisoned darts
Jewellery
 b - a ring of protection from cold (left front leg)
 g - a ring of fire
Scrolls
 a - 2 scrolls of vulnerability {unknown}
 e - a scroll of torment {unknown}
 f - a scroll of enchant armour {unknown}
 h - 2 scrolls of identify {unknown}
Potions
 d - 2 potions of attraction {unknown}


   Skills:
 - Level 1.0 Fighting
 - Level 2.0 Dodging
 - Level 4.3 Unarmed Combat
 - Level 2.0 Spellcasting
 - Level 2.8 Transmutations
 * Level 3.6 Poison Magic


You had 2 spell levels left.
You knew the following spells:

 Your Spells              Type           Power      Damage    Failure   Level
a - Beastly Appendage     Tmut           22%        N/A       17%         1
b - Wereblood             Tmut           11%        N/A       22%         2
c - Spider Form           Tmut/Pois      12%        N/A       34%         3

Your spell library contained the following spells:

 Spells                   Type           Power      Damage    Failure   Level
 Ice Form                 Ice/Tmut       6%         N/A       87%         4


Dungeon Overview and Level Annotations

Branches:
Dungeon (3/15)

Altars:


Innate Abilities, Weirdness & Mutations

You are a venomous arachnid creature.
You have poisonous fangs.
You are tiny and dextrous.
Your spellcasting is less reliable in this form.
Your armour is entirely melded.
You are incapable of wielding weapons or throwing items.
You cannot wear most types of armour.
((You are amphibious.))
You can wear up to eight rings at the same time.
((Your skin changes colour to match your surroundings (Stealth+).))
((Your rubbery body absorbs attacks. (AC +1, EV +1)))
((You are camouflaged near water. (Stealth+)))
((You have tentacles for arms and can constrict up to eight enemies at once.))


Message History

You are too injured to fight recklessly!
You are too injured to fight recklessly!
You bite the rat!
You kill the rat!
You hit the shadow imp.
The shadow imp is heavily wounded.
You hit the shadow imp.
The shadow imp is poisoned.
The shadow imp is heavily wounded.
The hound zombie completely misses you. The shadow imp barely misses you.
You bite the hound zombie!
The hound zombie is severely damaged.
The hound zombie bites you.
* * * LOW HITPOINT WARNING * * *
The shadow imp closely misses you. The hound zombie barely misses you.
You hit the hound zombie.
The hound zombie is almost destroyed.
The shadow imp misses you. The hound zombie misses you.
You bite the hound zombie!
You destroy the hound zombie!
The shadow imp misses you.
You hit the shadow imp but do no damage.
The shadow imp is severely wounded.
The shadow imp hits you.
* * * LOW HITPOINT WARNING * * *
You hit the shadow imp but do no damage.
The shadow imp is severely wounded.
The shadow imp closely misses you.
You hit the shadow imp.
The shadow imp is almost dead.
You kill the shadow imp!
The black bear growls angrily.
You climb upwards.
Found 13 gold pieces.
There is a stone staircase leading down here.
You climb downwards.
Your transformation is almost over.
There is a stone staircase leading up here.
The black bear completely misses you. The black bear misses you.
The black bear claws you.
You die...

.. #.. ##.. #.. #.# .
#####.# ....
#.....##.....
#....sh...... ##
#####............ .###
###.............K##
.5.###...####..<...[.##
##.##..######..........
#....................#..
#.......[..............#
#........##...$...##.##
#..............$...#.#


You could see a black bear and a kobold (wandering).

Vanquished Creatures
  A scorpion (D:3)
  A hound zombie (D:3)
  2 adders (D:2)
  A shadow imp (D:3)
  A dart slug (D:3)
  2 ball pythons (D:1)
  5 endoplasms
  3 giant cockroaches (D:1)
  5 goblins
  4 hobgoblins (D:1)
  4 jackals (D:2)
  3 kobolds (D:1)
  2 quokkas
  3 bats
  A frilled lizard (D:1)
  7 rats
45 creatures vanquished.

Notes
Turn   | Place    | Note
-------+----------+-------------------------------------------
     0 | D:1      | ChaosChampion the Octopode Transmuter began the quest for
                  | the Orb.
     0 | D:1      | Reached XP level 1. HP: 13/13 MP: 3/3
   219 | D:1      | Found a faded altar of an unknown god.
   262 | D:1      | Reached XP level 2. HP: 17/18 MP: 3/5
   444 | D:1      | Learned a level 2 spell: Wereblood
   820 | D:1      | Reached XP level 3. HP: 23/23 MP: 6/6
  1273 | D:2      | Reached skill level 4 in Unarmed Combat
  1530 | D:2      | Reached XP level 4. HP: 28/28 MP: 4/7
  1534 | D:2      | Learned a level 3 spell: Spider Form
  1553 | D:2      | You fall into a shaft and drop 1 floor!
  1556 | D:3      | Noticed a scorpion
  1588 | D:3      | Killed a scorpion
  1589 | D:3      | Reached XP level 5. HP: 9/33 MP: 2/8
  1598 | D:3      | Noticed a black bear
  1606 | D:3      | HP: 1/33 [shadow imp (4)]
  1613 | D:3      | Slain by a black bear

Illustrated notes

Levels and vault maps discovered:
D:1:      wander_arrival_desolate, layout_basic,
          shapermc_ecumenical_altar_pompeii
D:2:      cheibrodos_pilgrimage, layout_basic, basic_altar
D:3:      minmay_diamond_boxcup, layout_rooms, serial_shops, shop,
          minmay_cut_off, uniq_sigmund, uniq_robin

Skill      XL: |  1  2  3  4 |
---------------+-------------+-----
Unarmed Combat | 4 |  4.3
Poison Magic   | 3 |  3.6
Fighting       | |  1.0
Dodging        | |  2.0
Spellcasting   | |  2.0
Transmutations | |  2.8

Action                   |  1- 3 |  4- 6 || total
-------------------------+-------+-------++-------
Melee: Unarmed           |    81 |    20 ||   101
       Tentacles         |    16 |       ||    16
       Constrict         |    20 |       ||    20
       Kick              |     7 |       ||     7
       Punch             |     1 |       ||     1
 Cast: Beastly Appendage |    17 |       ||    17
       Wereblood         |    12 |     1 ||    13
       Spider Form       |       |     2 ||     2
 Stab: Sleeping          |     5 |       ||     5
Armor: Skin              |     3 |     2 ||     5
Dodge: Dodged            |    39 |    28 ||    67

Table legend: (Time is in decaauts)
 A = Elapsed time spent in this place.
 B = Non-inter-level travel time spent in this place.
 C = Inter-level travel time spent in this place.
 D = Time resting spent in this place.
 E = Time spent auto-exploring this place.
 F = Levels seen in this place.
 G = Mean time per level.
                   A        B        C        D        E       F      G
               +--------+--------+--------+--------+--------+-----+--------+
         Total |   1605 |   1593 |     12 |      0 |   1279 |   3 |  535.0 |
       Dungeon |   1605 |   1593 |     12 |      0 |   1279 |   3 |  535.0 |
               +--------+--------+--------+--------+--------+-----+--------+

Top non-repeatable levels by time:
     D:1: 1197 daAuts
     D:2: 351 daAuts
     D:3: 56 daAuts
